 Dungeon Crawl Stone Soup version 0.18-a0-1718-g40ea4b6 (webtiles) character file.

2831 MenacingMecha the Basher (level 9, -3/61 HPs)
             Began as a Demonspawn Gladiator on Apr 8, 2016.
             Was an Elder of Makhleb.
             Slain by a polar bear (6 damage)
             ... on level 7 of the Dungeon.
             The game lasted 00:24:00 (7371 turns).

MenacingMecha the Basher (Demonspawn Gladiator)     Turns: 7371, Time: 00:24:01

Health: -3/61      AC: 12    Str: 16    XL:     9   Next: 45%
Magic:  2/2        EV:  6    Int: 14    God:    Makhleb [****..]
Gold:   248        SH:  7    Dex: 27    Spells: 0 memorised, 8 levels left

rFire  . . .     SeeInvis .     D - +3 flail "Cezofeka" {flame, MP-9 Dex+5}
rCold  . . .     Gourm    .     A - +0 scale mail
rNeg   . . .     Faith    .     e - +0 buckler
rPois  .         Spirit   .     (helmet restricted)
rElec  .         Dismiss  .     l - +2 cloak {MR+}
rCorr  .         Reflect  .     r - +0 pair of gloves
SustAt .         Harm     .     j - +0 pair of boots
MR     +....                    k - amulet of magic regeneration
Stlth  +.........               F - +4 ring of intelligence
                                y - +6 ring of dexterity

@: lethally poisoned (-3 -> -7), very slightly contaminated, hasted, very quick,
somewhat resistant to hostile enchantments, very unstealthy
A: antennae 2, molten scales 1, demonic guardian 1, spiny 1
a: Minor Destruction, Lesser Servant of Makhleb, Major Destruction, Renounce
Religion


You were on level 7 of the Dungeon.
You worshipped Makhleb.
Makhleb was greatly pleased with you.
You were not hungry.

You visited 1 branch of the dungeon, and saw 8 of its levels.

You collected 248 gold pieces.

Inventory:

Hand Weapons
 a - a +0 long sword
 u - a +0 falchion of slicing
 D - the +3 flail "Cezofeka" (weapon) {flame, MP-9 Dex+5}
   (You found it on level 4 of the Dungeon)

   It has been specially enchanted to burn those struck by it, causing extra
   injury to most foes and up to half again as much damage against particularly
   susceptible opponents.
   It affects your dexterity (+5).
   It affects your magic capacity (-9).
 J - a cursed -3 blowgun
Missiles
 d - 3 throwing nets
 x - 4 tomahawks (quivered)
Armour
 e - a +0 buckler (worn)
 j - a +0 pair of boots (worn)
 l - a +2 cloak of magic resistance (worn)
 r - a +0 pair of gloves (worn)
 A - a +0 scale mail (worn)
Jewellery
 k - an amulet of magic regeneration (around neck)
 y - a +6 ring of dexterity (left hand)
 F - a +4 ring of intelligence (right hand)
Wands
 b - a wand of paralysis (11/24)
Scrolls
 c - 2 scrolls of enchant armour {unknown}
 o - 4 scrolls of identify
 s - a scroll of noise {unknown}
 t - a scroll of fog {unknown}
 v - 2 scrolls of remove curse {unknown}
 B - a scroll of teleportation {unknown}
 E - a scroll of blinking {unknown}
 G - a scroll of magic mapping {unknown}
 H - a scroll of random uselessness {unknown}
Potions
 i - a potion of curing {unknown}
 m - a potion of agility {unknown}
 n - a potion of might {unknown}
 p - 2 potions of heal wounds {unknown}
 q - 4 potions of haste
 z - a potion of lignification {unknown}
 I - a potion of invisibility {unknown}
Comestibles
 f - 2 bread rations
 g - 3 meat rations
 h - 2 slices of pizza
 w - 5 chunks of flesh
 C - a beef jerky


   Skills:
 - Level 2.0 Fighting
 - Level 7.1 Long Blades
 + Level 8.5 Maces & Flails
 - Level 1.7 Throwing
 - Level 2.6 Dodging
 - Level 4.3 Shields
 - Level 3.1 Invocations


You had 8 spell levels left.
You didn't know any spells.

Dungeon Overview and Level Annotations

Branches:
Dungeon (8/15)
 Temple: D:4-7         Lair: D:8-11

Altars:
Ashenzari
Cheibriados
Gozag
Makhleb
Okawaru
Qazlal
Vehumet
The Shining One

Annotations:
D:4 MenacingMecha's ghost, amateur MfGl
D:5 centaur
D:8 Gottschkopf's ghost, novice DrCj


Innate Abilities, Weirdness & Mutations

You have a pair of antennae on your head.
You are partially covered in molten scales (AC +1).
A weak demonic guardian rushes to your aid.
You are partially covered in sharp spines.


Message History

The worker ant poisons you! The polar bear bites you!!
* * * LOW HITPOINT WARNING * * *
The polar bear claws you but does no damage.
The polar bear barely misses you.
Unknown command.
Drink which item? (? for menu, Esc to quit)
Okay, then.
Drink which item? (? for menu, Esc to quit)
It was a potion of haste.
You feel yourself speed up.
* * * LOW HITPOINT WARNING * * *
You feel sick. The polar bear closely misses you. The polar bear claws you.
* * * LOW HITPOINT WARNING * * *
You block the polar bear's attack. You block the worker ant's attack.
You are very lightly contaminated with residual magic.
Unknown command.
The polar bear is struck by your spines.
The polar bear bites you but does no damage.
The polar bear claws you but does no damage.
The polar bear claws you.
You die...

..............#.......#
.......)......#..######
.................#
............#..#.#
.................#
.............#...#
....########.##.h#
....# #.##ha# ....#
#.###@#
....########.#####
...............#
...............#
...............#
...............#
################


You could see a polar bear (berserk), a wolf and a worker ant.

Vanquished Creatures
  4 yaks (D:7)
  Menkaure (D:7)
  A sky beast (D:6)
  An ice beast (D:6)
  3 ogres
  A phantom (D:5)
  2 wolves (D:7)
  A centaur (D:5)
  2 giant frogs (D:7)
  A wyvern zombie (D:5)
  A gnoll sergeant (D:6)
  A scorpion (D:5)
  A howler monkey (D:5)
  2 crimson imps
  A wasp zombie (D:7)
  2 giant frog zombies (D:6)
  2 hounds
  Crazy Yiuf (D:5)
  A jelly (D:7)
  2 orc priests (D:6)
  2 giant frog skeletons (D:6)
  A centaur skeleton (D:6)
  An iguana (D:5)
  Ijyb (D:2)
  2 orc wizards (D:5)
  6 worker ants
  A killer bee zombie (D:6)
  3 hound zombies (D:6)
  A hound skeleton (D:6)
  A howler monkey zombie (D:6)
  A worker ant zombie (D:6)
  6 gnolls
  10 adders
  A shadow imp (D:7)
  An ufetubus (D:8)
  An ooze (D:5)
  5 adder zombies (D:6)
  An adder skeleton (D:6)
  3 worms
  2 dart slugs (D:1)
  6 giant geckos
  10 orcs
  5 giant cockroaches
  9 hobgoblins
  10 jackals
  A quokka (D:3)
  A ball python (D:5)
  5 bats
  2 giant cockroach zombies
  A giant gecko skeleton (D:5)
  2 giant gecko zombies (D:6)
  A giant newt (D:7)
  5 goblins
  9 kobolds
  2 quokka zombies (D:6)
  10 rats
  A fungus (D:5)
161 creatures vanquished.

Vanquished Creatures (collateral kills)
  A centaur zombie (D:6)
1 creature vanquished.

Vanquished Creatures (others)
  An adder (D:8)
1 creature vanquished.

Grand Total: 163 creatures vanquished

Notes
Turn   | Place    | Note
--------------------------------------------------------------
     0 | D:1      | MenacingMecha the Demonspawn Gladiator began the quest for the Orb.
     0 | D:1      | Reached XP level 1. HP: 16/16 MP: 1/1
   211 | D:1      | Gained mutation: You have a pair of small antennae on your head. [demonic ancestry]
   211 | D:1      | Reached XP level 2. HP: 17/22 MP: 2/2
  1202 | D:2      | Noticed Ijyb
  1218 | D:2      | Killed Ijyb
  1218 | D:2      | Gained mutation: You are partially covered in molten scales (AC +1). [demonic ancestry]
  1218 | D:2      | Reached XP level 3. HP: 27/27 MP: 3/3
  1577 | D:2      | Reached XP level 4. HP: 33/33 MP: 4/4
  1755 | D:2      | Found an iron altar of Okawaru.
  1761 | D:2      | Found a burning altar of Makhleb.
  1762 | D:2      | Found a stormy altar of Qazlal.
  1764 | D:2      | Found an opulent altar of Gozag.
  1766 | D:2      | Found a snail-covered altar of Cheibriados.
  1774 | D:2      | Became a worshipper of Makhleb the Destroyer
  2830 | D:3      | Reached skill level 5 in Long Blades
  3320 | D:3      | Gained mutation: You have a pair of antennae on your head. [demonic ancestry]
  3320 | D:3      | Reached XP level 5. HP: 37/38 MP: 5/5
  3369 | D:3      | Found a glowing golden altar of the Shining One.
  3370 | D:3      | Found a radiant altar of Vehumet.
  3735 | D:3      | Reached * piety under Makhleb
  3781 | D:4      | Noticed MenacingMecha's ghost (amateur MfGl)
  3786 | D:4      | Got a crude flail
  3806 | D:5      | Entered Level 5 of the Dungeon
  3807 | D:5      | Identified the +3 flail "Cezofeka" {flame, MP-9 Dex+5} (You found it on level 4 of the Dungeon)
  3909 | D:5      | Reached skill level 1 in Maces & Flails
  3923 | D:5      | Noticed a centaur
  4224 | D:5      | Reached skill level 2 in Maces & Flails
  4229 | D:4      | Noticed a phantom
  4317 | D:5      | Killed a phantom
  4317 | D:5      | Reached skill level 3 in Maces & Flails
  4317 | D:5      | Gained mutation: A weak demonic guardian rushes to your aid. [demonic ancestry]
  4317 | D:5      | Reached XP level 6. HP: 25/44 MP: 0/6
  4595 | D:5      | Reached skill level 4 in Maces & Flails
  4639 | D:5      | Reached ** piety under Makhleb
  4816 | D:5      | Gained mutation: You are partially covered in sharp spines. [demonic ancestry]
  4816 | D:5      | Reached XP level 7. HP: 40/50 MP: 0/7
  4898 | D:5      | Reached skill level 5 in Maces & Flails
  5179 | D:5      | Noticed Crazy Yiuf
  5185 | D:5      | Killed Crazy Yiuf
  5245 | D:5      | Reached skill level 6 in Maces & Flails
  5566 | D:6      | Reached skill level 7 in Maces & Flails
  5566 | D:6      | Reached XP level 8. HP: 43/56 MP: 0/8
  5586 | D:5      | Reached skill level 1 in Shields
  5764 | D:6      | Reached *** piety under Makhleb
  6401 | D:7      | Reached XP level 9. HP: 59/61 MP: 0/9
  6406 | D:7      | Reached **** piety under Makhleb
  6415 | D:7      | Reached skill level 8 in Maces & Flails
  6548 | D:7      | Found a shattered altar of Ashenzari.
  6697 | D:7      | Noticed Menkaure
  6702 | D:7      | Killed Menkaure
  7110 | D:8      | Noticed a polar bear
  7110 | D:8      | Noticed Gottschkopf's ghost (novice DrCj)
  7370 | D:7      | HP: 3/61 [poisoned by a worker ant]
  7371 | D:7      | Slain by a polar bear

Vault maps used:
D:1:      minmay_arrival_plants_in_alcoves
D:2:      minitemple, serial_glass, glass_columns_b, glass_columns_c,
          glass_columns_a, glass_columns_b, glass_columns_a, first_bread,
          kennysheep_boxes, uniq_iyjb
D:3:      grunt_temple_overflow_open
D:4:      temple_pool_b, uniq_robin
D:5:      minmay_holes, st_stairs_5, uniq_crazy_yiuf_cottage
D:6:      serial_undead, serial_undead_c, serial_undead_d, serial_undead_c,
          serial_undead_a, serial_undead_f, serial_undead_c, serial_undead_a,
          serial_undead_d
D:7:      kennysheep_little_box, uniq_menkaure
D:8:      kennysheep_seaside_town, serial_ice, serial_ice_k, serial_ice_c,
          serial_ice_e, serial_ice_f, eino_jars, david_nohive_1, minivault_4,
          minmay_misc_feat_x, uniq_maurice

Skill      XL: |  1  2  3  4  5  6  7  8  9 |
---------------+----------------------------+-----
Long Blades    | 3 4 5 7 |  7.1
Maces & Flails | 3 4 7 8 |  8.5
Shields        | 4 |  4.3
Invocations    | 3 |  3.1
Fighting       | |  2.0
Throwing       | |  1.7
Dodging        | |  2.6

Action                   |  1- 3 |  4- 6 |  7- 9 || total
-------------------------+-------+-------+-------++-------
Melee: Long sword        |    70 |    82 |       ||   152
       Falchion          |       |    43 |       ||    43
       Flail             |       |    77 |   209 ||   286
Throw: Throwing net      |     1 |       |       ||     1
       Tomahawk          |       |    12 |     4 ||    16
Invok: Minor Destruction |       |     2 |     2 ||     4
  Use: Scroll            |       |     2 |       ||     2
       Potion            |       |       |     1 ||     1
 Stab: Held in net/web   |     3 |       |       ||     3
       Distracted        |       |     1 |     3 ||     4
  Eat: Chunk             |     2 |    11 |     8 ||    21
